 Dungeon Crawl Stone Soup version 0.19.5 (webtiles) character file.

81 epen the Skirmisher (level 4, 0/36 HPs)
             Began as a Demonspawn Monk on July 31, 2017.
             Killed by nerve-wracking pain
             ... invoked by Jessica
              (8 damage)
             ... on level 3 of the Dungeon.
             The game lasted 00:02:59 (1778 turns).

epen the Skirmisher (Demonspawn Monk)               Turns: 1778, Time: 00:03:00

Health: 0/36       AC:  0    Str: 12    XL:     4   Next: 19%
Magic:  4/4        EV: 16    Int: 11    God:
Gold:   142        SH:  0    Dex: 16    Spells: 0 memorised, 3 levels left

rFire  . . .     SeeInvis .     (weapon currently unavailable)
rCold  . . .     Gourm    .     (armour currently unavailable)
rNeg   . . .     Faith    .     (shield currently unavailable)
rPois  .         Spirit   .     (helmet currently unavailable)
rElec  .         Reflect  .     (cloak currently unavailable)
rCorr  .         Harm     .     (gloves currently unavailable)
MR     .....                    (boots currently unavailable)
Stlth  ++........               (no amulet)
                                (ring currently unavailable)
                                (ring currently unavailable)

@: pig-form, very slightly contaminated, hasted, very quick
A: powered by death 2
a: no special abilities


You were on level 3 of the Dungeon.
You were not hungry.
You were a filthy swine.
You visited 1 branch of the dungeon, and saw 3 of its levels.

You collected 142 gold pieces.

Inventory:

Hand Weapons
 a - a +0 falchion
 r - a +0 falchion of slicing (melded)
Armour
 b - a +0 robe
 g - a +0 pair of gloves (melded)
 h - a +0 helmet (melded)
 p - a +0 scale mail (melded)
Jewellery
 n - an uncursed ring of stealth {unknown}
Scrolls
 d - 4 scrolls of identify {unknown}
 e - 2 scrolls of immolation {unknown}
 i - a scroll of magic mapping {unknown}
 j - a scroll of enchant weapon {unknown}
 k - 3 scrolls of fear {unknown}
 o - a scroll of random uselessness {unknown}
 t - a scroll of teleportation {unknown}
Potions
 q - a potion of brilliance {unknown}
 u - a potion of curing {unknown}
Comestibles
 c - 3 bread rations
 f - a fruit
 m - a slice of pizza
 s - 4 chunks of flesh


   Skills:
 + Level 3.6 Fighting
 + Level 3.5 Long Blades
 + Level 0.3 Armour
 + Level 3.3 Dodging
 + Level 2.0 Stealth


You had 3 spell levels left.
You didn't know any spells.

Dungeon Overview and Level Annotations

Branches:
Dungeon (3/15)

Altars:
Cheibriados
Dithmenos
Fedhas
Nemelex Xobeh
Okawaru

Annotations:
D:3 Jessica


Innate Abilities, Weirdness & Mutations

You regenerate health from kills.


Message History

You hit Jessica.
Jessica is heavily wounded.
Jessica misses you.
You barely miss Jessica.
Jessica is heavily wounded.
Jessica casts a spell at you. Pain shoots through your body!
* * * LOW HITPOINT WARNING * * *
Jessica mumbles something strange.
Jessica zaps a wand.
You resist with some effort.
It was a potion of haste.
You feel yourself speed up. Jessica hits you with a dagger.
* * * LOW HITPOINT WARNING * * *
You are very lightly contaminated with residual magic.
Unknown command.
Jessica casts a spell.
Jessica blinks!
Jessica gestures at you while chanting. Pain shoots through your body!
You die...

##+##..## ####..##
##...#.#####8###..## .
##......#...#_≈≈##..# ...
##..@.[.....##..≈≈##.#
##...####.........####...§§#.#
#.......'........## #8_....'..
##...####.........####...≈§#§#
#. ##..........##..≈≈##.#
##..h...#...#_§≈##..# ##
##...#.#####8###..## ##_#
##'##..## ####..##
##≈≈†####.###..####...##
#≈≈≈≈≈.....###.......##
#≈≈.≈≈.........###.###
#≈≈≈≈≈.#....##.###.#
#.≈≈≈..........)...#
##...#.#....##.#####


You could see Jessica.

Vanquished Creatures
  3 adders
  A worm (D:2)
  2 dart slugs
  4 orcs (D:3)
  5 bats
  2 giant cockroaches (D:2)
  4 goblins
  7 hobgoblins
  3 quokkas (D:2)
  2 frilled lizards (D:2)
  2 kobolds
  8 rats
43 creatures vanquished.

Notes
Turn   | Place    | Note
-------+----------+-------------------------------------------
     0 | D:1      | epen the Demonspawn Monk began the quest for the Orb.
     0 | D:1      | Reached XP level 1. HP: 18/18 MP: 1/1
   210 | D:1      | Gained mutation: You regenerate a little health from kills. [demonic ancestry]
   210 | D:1      | Reached XP level 2. HP: 23/24 MP: 2/2
   888 | D:2      | Gained mutation: You regenerate health from kills. [demonic ancestry]
   888 | D:2      | Reached XP level 3. HP: 17/29 MP: 3/3
  1486 | D:2      | Found a sparkling altar of Nemelex Xobeh.
  1653 | D:3      | Found an iron altar of Okawaru.
  1655 | D:3      | Found a blossoming altar of Fedhas.
  1656 | D:3      | Found a shadowy altar of Dithmenos.
  1692 | D:3      | Reached XP level 4. HP: 32/35 MP: 4/4
  1709 | D:3      | Found a snail-covered altar of Cheibriados.
  1745 | D:3      | Noticed Jessica
  1778 | D:3      | Killed from afar by Jessica

Skill      XL: |  1  2  3 |
---------------+----------+-----
Long Blades    | 3 |  3.5
Dodging        | 3 |  3.3
Stealth        | 2 |  2.0
Fighting       | |  3.6
Armour         | |  0.3

Action                   |  1- 3 |  4- 6 || total
-------------------------+-------+-------++-------
Melee: Falchion          |   132 |    15 ||   147
       Unarmed           |       |     7 ||     7
  Use: Potion            |       |     1 ||     1
 Stab: Sleeping          |     4 |       ||     4
  Eat: Chunk             |     2 |     1 ||     3
Armor: Robe              |    22 |       ||    22
       Scale mail        |    11 |     8 ||    19
Dodge: Dodged            |    91 |    10 ||   101
       Rpst.: Falchion   |    31 |     1 ||    32
